 Dungeon Crawl Stone Soup version 0.23-a0-417-gf02c810438 (webtiles) character file.

189 Notair the Poker (level 5, -2/46 HPs)
             Began as a Minotaur Gladiator on Nov 10, 2018.
             Slain by a slave (6 damage)
             ... led by Pikel
             ... on level 4 of the Dungeon.
             The game lasted 00:05:30 (1952 turns).

Notair the Poker (Minotaur Gladiator)               Turns: 1952, Time: 00:05:35

Health: -2/46      AC:  7    Str: 18    XL:     5   Next: 40%
Magic:  4/4        EV: 11    Int:  6    God:
Gold:   87         SH:  0    Dex: 12    Spells: 4/4 levels left

rFire    . . .     SeeInvis .   a - +0 trident
rCold    . . .     Gourm    .   (no shield)
rNeg     . . .     Faith    .   m - +0 scale mail
rPois    .         Spirit   .   c - +0 hat
rElec    .         Reflect  .   (no cloak)
rCorr    .         Harm     .   u - +0 pair of gloves
MR       .....                  (no boots)
Stlth    ..........             (no amulet)
HPRegen  0.15/turn              (no ring)
MPRegen  0.09/turn              (no ring)

@: lethally poisoned (-2 -> -11), flying
A: retaliatory headbutt, horns 2
a: no special abilities


You were on level 4 of the Dungeon.
You were hungry.

You visited 1 branch of the dungeon, and saw 4 of its levels.

You collected 87 gold pieces.

Inventory:

Hand Weapons
 a - a +0 trident (weapon)
Missiles
 d - 3 throwing nets
 k - 40 stones (quivered)
 r - 19 bolts
Armour
 b - a +0 leather armour
 c - a +0 hat (worn)
 m - a +0 scale mail (worn)
 u - a +0 pair of gloves (worn)
Jewellery
 p - an uncursed ring of see invisible {unknown}
Scrolls
 e - 2 scrolls of identify {unknown}
 g - 2 scrolls of remove curse
 i - a scroll of amnesia {unknown}
 j - a scroll of enchant weapon {unknown}
 s - a scroll of fear {unknown}
 t - a scroll of magic mapping {unknown}
Potions
 l - a potion of lignification {unknown}
 n - a potion of curing {unknown}
 o - 4 potions of haste {unknown}
 q - a potion of heal wounds {unknown}
Comestibles
 f - 6 rations


   Skills:
 + Level 4.0 Fighting
 * Level 5.8 Polearms
 - Level 2.0 Throwing
 + Level 2.8 Armour
 - Level 3.2 Dodging


You had 4 spell levels left.
You didn't know any spells.
Your spell library was empty.

Dungeon Overview and Level Annotations

Branches:
Dungeon (4/15)
 Temple: D:4-7

Altars:


Innate Abilities, Weirdness & Mutations

You reflexively headbutt those who attack you in melee.
You have a pair of horns on your head.


Message History

* * * LOW HITPOINT WARNING * * *
You are lethally poisoned!
The scorpion poisons you!
You hit the scorpion but do no damage. You headbutt the scorpion.
You kill the scorpion!
Your Fighting skill increases to level 4!
* * * LOW HITPOINT WARNING * * *
You feel sick.
You puncture the slave! You headbutt the slave!
The slave is almost dead.
* * * LOW HITPOINT WARNING * * *
You feel sick. The slave closely misses you. You furiously retaliate!
You headbutt the slave, but do no damage.
It was a potion of flight.
You feel very buoyant.
You fly up into the air.
You are feeling hungry.
* * * LOW HITPOINT WARNING * * *
You feel sick. The slave hits you.
You die...

## ..# .... ....#
##############.p..#.
#<...@pl.......l.p..
##############....#.
...# ..# ... .. .


You could see a slave and an iguana.

Vanquished Creatures
  A slave (D:4)
  A scorpion (D:4)
  3 gnolls (D:2)
  4 adders
  3 worms
  3 dart slugs
  An orc (D:3)
  9 bats
  2 giant cockroaches
  6 goblins
  5 hobgoblins
  3 jackals (D:1)
  8 kobolds
  2 ball pythons (D:2)
  3 frilled lizards
  12 rats
66 creatures vanquished.

Notes
Turn   | Place    | Note
-------+----------+-------------------------------------------
     0 | D:1      | Notair the Minotaur Gladiator began the quest for the Orb.
     0 | D:1      | Reached XP level 1. HP: 18/18 MP: 0/0
   164 | D:1      | Reached skill level 4 in Polearms
   180 | D:1      | Reached XP level 2. HP: 18/25 MP: 1/1
   309 | D:1      | Reached skill level 1 in Armour
   486 | D:1      | Reached XP level 3. HP: 24/31 MP: 2/2
   839 | D:2      | Reached skill level 5 in Polearms
   839 | D:2      | Reached XP level 4. HP: 38/38 MP: 3/3
  1925 | D:4      | Noticed a slave
  1925 | D:4      | Noticed a slave
  1926 | D:4      | Noticed a slave
  1930 | D:4      | Noticed a slave
  1939 | D:4      | Killed a slave
  1943 | D:4      | Reached XP level 5. HP: 27/46 MP: 4/4
  1952 | D:4      | Slain by a slave

Vault maps used:
D:1:      ncdulo_watergridlock, minmay_misc_feat_plants
D:2:      first_ration
D:4:      gammafunk_ghost_stat_death, serial_shops, shop, uniq_pikel,
          uniq_menkaure

Skill      XL: |  1  2  3  4  5 |
---------------+----------------+-----
Polearms       | 4 5 |  5.8
Armour         | 1 2 |  2.8
Fighting       | 3 4 |  4.0
Throwing       | |  2.0
Dodging        | |  3.2

Action                   |  1- 3 |  4- 6 || total
-------------------------+-------+-------++-------
Melee: Trident           |    86 |    83 ||   169
       Headbutt          |     9 |     9 ||    18
Throw: Stone             |     9 |       ||     9
  Use: Scroll            |       |     1 ||     1
       Potion            |       |     1 ||     1
 Stab: Sleeping          |     1 |       ||     1
  Eat: Chunk             |       |     3 ||     3
Armor: Leather armour    |    23 |       ||    23
       Scale mail        |       |    21 ||    21
Dodge: Dodged            |    43 |    29 ||    72

Table legend:
 A = Non-vault XP
 B = Vault XP
 C = Vault XP percentage of total XP
 D = Non-vault monster count
 E = Vault monster count
 F = Vault count percentage of total count
                 A         B        C        D         E       F
            +---------+---------+-------+---------+---------+-------
      Total |     270 |       0 |   0.0 |      65 |       0 |   0.0
            +---------+---------+-------+---------+---------+-------
        D:1 |      42 |       0 |   0.0 |      26 |       0 |   0.0
        D:2 |     109 |       0 |   0.0 |      25 |       0 |   0.0
        D:3 |      36 |       0 |   0.0 |      12 |       0 |   0.0
        D:4 |      83 |       0 |   0.0 |       2 |       0 |   0.0
            +---------+---------+-------+---------+---------+-------
